 Dungeon Crawl Stone Soup version 0.31-a0-640-g39d97e502b (webtiles) character file.

Game seed: 13197531731292213703

8562 qw the Skirmisher (level 11, 0/71 HPs)
             Began as a Gargoyle Hunter on Aug 27, 2023.
             Was an Elder of Okawaru.
             Killed from afar by a raiju (5 damage)
             ... with a living lightning
             ... on level 1 of the Abyss.
             The game lasted 00:03:39 (8124 turns).

qw the Skirmisher (Gargoyle Hunter)                 Turns: 8124, Time: 00:03:39

Health: 0/71       AC: 21    Str: 20      XL:     11   Next: 32%
Magic:  12/13      EV: 14    Int: 10 (11) God:    Okawaru [****..]
Gold:   218        SH:  0    Dex: 11 (13) Spells: 10/10 levels left

rFire   x . .        Y - +4 orcbow (freeze)
rCold   + . .        (shield currently unavailable)
rNeg    + . .        r - +0 acid dragon scales
rPois   inf          j - +1 helmet
rElec   +            h - +1 cloak {rPois}
rCorr   +            (no gloves)
SInv    .            (no boots)
Will    .....        f - amulet of regeneration
Stlth   +++          n - +6 ring of strength
HPRegen 1.11/turn    s - ring of protection from cold
MPRegen 0.13/turn

%: no passive effects
@: heroic
A: sickness immunity, AC +8, negative energy resistance 1, electricity
resistance, torment resistance 1, petrification resistance, [clumsy 2],
[deterioration 2], [low MP 1], [no potion heal 2], [heat vulnerability 1],
[subdued magic 2]
a: Renounce Religion, Heroism, Finesse


You were on level 1 of the Abyss.
You worshipped Okawaru.
Okawaru was greatly pleased with you.
You visited 1 branch of the dungeon, and saw 10 of its levels.
You visited the Abyss 1 time.
You also visited: Ossuary.

You collected 704 gold pieces.
You spent 486 gold pieces at shops.


Innate Abilities, Weirdness & Mutations

You are immune to sickness and miasma.
Your stone body is resilient. (AC +8)
You are immune to poison.
You resist negative energy. (rN+)
You are resistant to electric shocks. (rElec)
You are resistant to unholy torment.
You are immune to petrification.
[You are very clumsy. (Dex -4)]
[Your body often deteriorates upon taking damage.]
[Your magical capacity is low. (-10% MP)]
[Potions cannot restore your health.]
[You are vulnerable to heat. (rF-)]
[Your spells are easier to cast, but less powerful.]


   Skills:
 - Level 9.1(14.1) Fighting
 + Level 13.5(18.5) Ranged Weapons
 - Level 4.0(9.0) Armour
 - Level 4.1(9.1) Dodging
 - Level 1.1(6.1) Stealth
 + Level 5.9 Invocations


You had 10 spell levels left.
You didn't know any spells.
Your spell library was empty.

Inventory:

Hand Weapons
 Y - a +4 orcbow of freezing (weapon)
Armour
 h - a +1 cloak of poison resistance (worn)
 j - a +1 helmet (worn)
 k - a +1 robe of cold resistance
 r - +0 acid dragon scales (worn)
Jewellery
 f - an amulet of regeneration (around neck)
 n - a +6 ring of strength (left hand)
 o - a +6 ring of strength
 s - a ring of protection from cold (right hand)
Wands
 q - a wand of digging (4)
Scrolls
 m - 4 scrolls of identify
Potions
 a - a potion of heal wounds
 b - a potion of might
 c - a potion of haste
 d - 2 potions of enlightenment
 e - a potion of resistance
 g - 4 potions of curing
 p - a potion of mutation

Dungeon Overview and Level Annotations

Branches:
Dungeon (10/15)            Temple (0/1) D:5         Ossuary (visited)
   Lair: D:8-11         Orc: D:9-12

Altars:
Ashenzari
Dithmenos
Elyvilon
Fedhas
Makhleb
Nemelex Xobeh
Okawaru
Qazlal
Ru
Wu Jian
Xom
Zin
The Shining One

Shops:
D:3 (   D:4 =   D:6 =   D:8 :***

Annotations:
D:6 3 runed translucent doors, qw's ghost, amateur MiHs
D:10 Erolcha


Message History

You shoot an arrow.
The arrow completely misses the tentacled starspawn.
The arrow barely misses the raiju.
The arrow hits the raiju but does no damage.
The tentacled starspawn misses you.
The tentacled starspawn tentacle-slaps you.
You shoot an arrow.
The arrow hits the tentacled starspawn but does no damage.
The tentacled starspawn is heavily damaged.
The tentacled starspawn bites you!
Your body deteriorates!
You feel dopey.
The tentacled starspawn tentacle-slaps you but does no damage.
You shoot an arrow. The arrow hits the tentacled starspawn.
The arrow freezes the tentacled starspawn.
The tentacled starspawn is heavily damaged.
You shoot an arrow.
The arrow hits the tentacled starspawn!!
The arrow freezes the tentacled starspawn!
The tentacled starspawn is almost destroyed.
The tentacled starspawn bites you!
The tentacled starspawn closely misses you.
The rakshasa blinks!
You shoot an arrow. The arrow hits the tentacled starspawn.
The arrow freezes the tentacled starspawn.
The tentacled starspawn is almost destroyed.
The rakshasa blinks!
You shoot an arrow. The arrow hits the tentacled starspawn.
The arrow freezes the tentacled starspawn.
The tentacled starspawn is almost destroyed.
The tentacled starspawn barely misses you.
The tentacled starspawn tentacle-slaps you but does no damage.
You shoot an arrow. The arrow hits the tentacled starspawn!
The arrow freezes the tentacled starspawn.
You destroy the tentacled starspawn!
Okawaru is honoured by your kill.
The raiju bursts into living lightning!
The living lightning hits the raiju.
The raiju completely resists.
The living lightning hits the raiju.
The raiju completely resists.
The living lightning hits you. You resist.
You die... . #...# #.##.# ..# ... #.# #(. # . . ##... .. #.#. . . .#R# ##. . .# #....# . ..# #....#### .. . . #hhh@#

.# .
.#h###..#
# # #
##.#..###
. .## #
###.####
## # # X
. ... .#
...#
...... #
...#
...#.#.
#.# R.
#.. ####.
##. ## #
#. # ..
.# .. . .
#


You could see a rakshasa and 4 raiju.

Vanquished Creatures
  A tentacled starspawn (Abyss:1)
  Harold (D:10)
  2 two-headed ogres
  A wretched star (Abyss:1)
  A worldbinder (Abyss:1)
  A smoke demon (Abyss:1)
  Maggie (D:8)
  A large abomination (Abyss:1)
  A shadow (D:9)
  4 wyverns
  4 yaks (D:10)
  Menkaure (D:6)
  3 water moccasins
  A small abomination (Abyss:1)
  4 ice beasts
  An orc warrior (D:9)
  A sky beast (D:6)
  A black bear (D:5)
  2 centaurs
  A phantom (D:5)
  2 kobold brigands
  A gnoll sergeant (D:7)
  6 scorpions
  A bullfrog (D:8)
  3 wights (D:9)
  12 killer bees (D:9)
  2 howler monkeys
  A quasit (Abyss:1)
  2 hounds
  3 jellies
  4 orc priests
  A gnoll bouda (D:8)
  Jessica (D:2)
  3 sleepcaps
  Terence (D:3)
  2 iguanas
  8 orc wizards
  8 mummies (Ossuary)
  4 adders
  6 gnolls
  A shadow imp (D:6)
  A white imp (D:7)
  3 worms
  6 dart slugs
  31 orcs
  7 ball pythons
  4 bats
  3 endoplasms
  2 giant cockroaches
  4 gnoll zombies (Ossuary)
  4 hobgoblins
  2 jackals (D:4)
  15 kobolds
  3 quokkas
  7 frilled lizards
  5 goblins
  A hobgoblin zombie (Ossuary)
  3 kobold zombies (Ossuary)
  5 rats
211 creatures vanquished.

Notes
Turn   | Place    | Note
-------+----------+-------------------------------------------
     0 | D:1      | qw the Gargoyle Hunter began the quest for the Orb.
     0 | D:1      | Reached XP level 1. HP: 12/12 MP: 1/1
     0 | D:1      | 0 ||| qw: Version: 0.3-a-74-g0d5e918
     0 | D:1      | 0 ||| qw: Game counter: 36
     0 | D:1      | 0 ||| qw: Melee chars always use a shield: true
     0 | D:1      | 0 ||| qw: God list: Okawaru
     0 | D:1      | 0 ||| qw: Allow faded altars: false
     0 | D:1      | 0 ||| qw: Do Orc after clearing Dungeon:15 true
     0 | D:1      | 0 ||| qw: Do second Lair branch before Depths: true
     0 | D:1      | 0 ||| qw: Lair rune preference: random
     0 | D:1      | 0 ||| qw: Goals: Normal
     0 | D:1      | 0 ||| PLANNING D:1-11
   284 | D:1      | Reached XP level 2. HP: 16/17 MP: 2/2
   327 | D:1      | 327 ||| UPGRADING to +1 cloak of poison resistance.
   332 | D:1      | 332 ||| UPGRADING to +6 ring of strength.
   333 | D:1      | 333 ||| READING scroll labelled PARUTHREEMAE.
   334 | D:1      | 334 ||| DRINKING 3 green potions.
   335 | D:1      | 335 ||| DROPPING scroll of butterflies.
   506 | D:2      | Noticed Jessica
   519 | D:2      | 519 ||| Stepping ~*~*~tactically~*~*~ (retreating).
   521 | D:2      | HP: 4/17 [Jessica/nerve-wracking pain (3)]
   522 | D:2      | Killed Jessica
   523 | D:2      | Reached skill level 5 in Ranged Weapons
   523 | D:2      | Reached XP level 3. HP: 5/21 MP: 3/3
   527 | D:2      | HP: 5/21 [adder (2)]
   535 | D:2      | Reached XP level 4. HP: 7/27 MP: 4/4
   565 | D:2      | 565 ||| FLEEEEING.
   958 | D:2      | Reached skill level 3 in Fighting
  1048 | D:2      | Found a faded altar of an unknown god.
  1191 | D:2      | 1191 ||| UPGRADING to +0 helmet.
  1196 | D:2      | 1196 ||| UPGRADING to amulet of regeneration.
  1201 | D:2      | 1201 ||| READING 4 scrolls labelled IXOV PACAARCH.
  1202 | D:2      | 1202 ||| READING scroll labelled ZABERA WURUCLY.
  1203 | D:2      | 1203 ||| READING scroll labelled VAGEAC VACEPLE.
  1204 | D:2      | 1204 ||| DRINKING 2 red potions.
  1205 | D:2      | 1205 ||| DROPPING 3 scrolls of blinking.
  1370 | D:3      | Reached skill level 1 in Armour
  1389 | D:3      | Found an iron altar of Okawaru.
  1390 | D:3      | 1390 ||| PLANNING OKAWARU WORSHIP
  1413 | D:3      | Reached XP level 5. HP: 32/32 MP: 5/5
  1434 | D:3      | Found a broken altar of Ashenzari.
  1441 | D:3      | 1441 ||| READING scroll of enchant weapon.
  1441 | D:3      | 1441 ||| ENCHANTING +1 shortbow.
  1523 | D:3      | Noticed Terence
  1539 | D:3      | Killed Terence
  1734 | D:3      | Found a white marble altar of Elyvilon.
  1734 | D:3      | Found a glowing golden altar of the Shining One.
  1734 | D:3      | Found a glowing silver altar of Zin.
  1827 | D:3      | Found a stormy altar of Qazlal.
  1875 | D:3      | Reached skill level 6 in Ranged Weapons
  1978 | D:3      | Found Koshod's Antique Weapon Shoppe.
  1991 | D:3      | Reached XP level 6. HP: 28/38 MP: 6/6
  2002 | D:3      | 2002 ||| BUYING glowing sling (90 gold).
  2002 | D:3      | Bought a glowing sling for 90 gold pieces
  2002 | D:3      | 2002 ||| SHOPLISTING orcbow (70 gold, have 36).
  2002 | D:3      | 2002 ||| DROPPING +2 antimagic sling.
  2035 | D:3      | 2035 ||| UPGRADING to +0 ring mail.
  2049 | D:3      | 2049 ||| DROPPING +0 leather armour.
  2241 | D:3      | 2241 ||| READING scroll labelled MEUNYIPUTOPS.
  2242 | D:3      | 2242 ||| READING scroll labelled WOURECZO VIRID.
  2243 | D:3      | 2243 ||| READING 2 scrolls labelled EWIJOCASUR.
  2244 | D:3      | 2244 ||| DRINKING 2 glowing coppery potions.
  2245 | D:3      | 2245 ||| DROPPING potion of magic.
  2246 | D:3      | 2246 ||| DROPPING scroll of noise.
  2310 | D:3      | Became a worshipper of Warmaster Okawaru
  2311 | D:3      | 2311 ||| PLANNING D:1-11
  2361 | D:4      | 2361 ||| PLANNING OSSUARY
  2381 | D:4      | Found Jauleno's Jewellery Shoppe.
  2390 | D:4      | 2390 ||| SHOPLISTING +5 ring of evasion (432 gold, have
                  | 47).
  2390 | D:4      | 2390 ||| SHOPLISTING amulet of Ciduv {Acrobat rCorr Dex+2}
                  | (561 gold, have 47).
  2390 | D:4      | 2390 ||| SHOPLISTING ring "Dowoyg" {Will+ Str+6} (583 gold,
                  | have 47).
  2390 | D:4      | 2390 ||| SHOPLISTING ring of protection from fire (300
                  | gold, have 47).
  2761 | D:4      | Reached skill level 7 in Ranged Weapons
  2830 | D:4      | 2830 ||| SWAPPING to +0 orcbow.
  2831 | D:4      | 2831 ||| DROPPING +2 shortbow of electrocution.
  2930 | D:4      | Reached XP level 7. HP: 43/43 MP: 7/7
  2988 | D:4      | Found a sand-covered staircase.
  2989 | D:4      | 2989 ||| READING scroll labelled VIRAIW GUILOM.
  2990 | D:4      | 2990 ||| READING 3 scrolls of identify.
  2990 | D:4      | 2990 ||| IDENTIFYING lumpy ruby potion
  2991 | D:4      | 2991 ||| READING 2 scrolls of identify.
  2991 | D:4      | 2991 ||| IDENTIFYING fizzy green potion
  2992 | D:4      | 2992 ||| DROPPING potion of invisibility.
  3001 | Ossuary  | Entered an ossuary
  3066 | Ossuary  | Reached * piety under Okawaru
  3097 | Ossuary  | 3097 ||| READING scroll of brand weapon.
  3097 | Ossuary  | 3097 ||| BRANDING +0 orcbow.
  3164 | Ossuary  | 3164 ||| READING 3 scrolls of enchant weapon.
  3164 | Ossuary  | 3164 ||| ENCHANTING +0 orcbow of freezing.
  3165 | Ossuary  | 3165 ||| READING 2 scrolls of enchant weapon.
  3165 | Ossuary  | 3165 ||| ENCHANTING +1 orcbow of freezing.
  3166 | Ossuary  | 3166 ||| READING scroll of enchant weapon.
  3166 | Ossuary  | 3166 ||| ENCHANTING +2 orcbow of freezing.
  3187 | Ossuary  | 3187 ||| READING scroll labelled DUMIAP TOMAOPU.
  3191 | Ossuary  | 3191 ||| READING scroll labelled ONODIK DANIET.
  3199 | Ossuary  | 3199 ||| DRINKING 2 puce potions.
  3200 | Ossuary  | 3200 ||| DRINKING 2 viscous puce potions.
  3201 | Ossuary  | 3201 ||| DRINKING 3 coppery potions.
  3202 | Ossuary  | 3202 ||| DROPPING 2 potions of brilliance.
  3227 | D:4      | 3227 ||| PLANNING D:1-11
  3262 | D:4      | Reached skill level 8 in Ranged Weapons
  3262 | D:4      | Reached skill level 1 in Invocations
  3417 | D:5      | Entered Level 5 of the Dungeon
  3465 | D:5      | 3465 ||| INVOKING Heroism.
  3470 | D:5      | Reached XP level 8. HP: 48/48 MP: 6/10
  3527 | D:5      | 3527 ||| INVOKING Heroism.
  3529 | D:5      | Reached skill level 3 in Invocations
  3666 | D:5      | Found a staircase to the Ecumenical Temple.
  3780 | D:5      | Found a blossoming altar of Fedhas.
  4040 | D:5      | 4040 ||| INVOKING Heroism.
  4380 | D:5      | 4380 ||| UPGRADING to +1 leather armour of poison
                  | resistance.
  4390 | D:5      | 4390 ||| DROPPING +0 ring mail.
  4391 | D:5      | 4391 ||| READING scroll labelled ZILU HOHUWA.
  4392 | D:5      | 4392 ||| DRINKING 3 orange potions.
  4426 | D:5      | 4426 ||| DROPPING 2 potions of lignification.
  4472 | D:6      | Reached skill level 9 in Ranged Weapons
  4640 | D:6      | 4640 ||| READING scroll of enchant armour.
  4640 | D:6      | 4640 ||| ENCHANTING +0 helmet.
  4767 | D:6      | Noticed Menkaure
  4768 | D:6      | 4768 ||| INVOKING Heroism.
  4772 | D:6      | Killed Menkaure
  4785 | D:6      | Found a runed translucent gate.
  4785 | D:6      | Found a runed translucent gate.
  4785 | D:6      | Found a runed translucent gate.
  4789 | D:6      | Noticed qw's ghost (amateur MiHs)
  4810 | D:6      | Reached skill level 6 in Fighting
  4835 | D:6      | 4835 ||| INVOKING Heroism.
  4880 | D:6      | Reached XP level 9. HP: 56/56 MP: 12/12
  5245 | D:6      | Reached skill level 10 in Ranged Weapons
  5256 | D:6      | Found Qayz's Jewellery Emporium.
  5264 | D:6      | 5264 ||| BUYING +6 ring of strength (396 gold).
  5264 | D:6      | Bought a +6 ring of strength for 396 gold pieces
  5264 | D:6      | 5264 ||| SHOPLISTING ring "Jeheh" {Will+ Int-2 Dex+4
                  | Slay+5} (629 gold, have 6).
  5264 | D:6      | 5264 ||| SHOPLISTING ring of see invisible (165 gold, have
                  | 6).
  5306 | D:6      | 5306 ||| DRINKING 4 potions of curing.
  5306 | D:6      | 5306 ||| (to cure confusion)
  5308 | D:6      | 5308 ||| Stepping ~*~*~tactically~*~*~ (outnumbered).
  5310 | D:6      | 5310 ||| Stepping ~*~*~tactically~*~*~ (outnumbered).
  5312 | D:6      | 5312 ||| INVOKING Heroism.
  5480 | D:6      | 5480 ||| UPGRADING to +6 ring of strength.
  5481 | D:6      | 5481 ||| READING 2 scrolls labelled TIROOL QOLLEXE.
  5482 | D:6      | 5482 ||| DRINKING 2 black potions.
  5483 | D:6      | 5483 ||| READING 3 scrolls of identify.
  5483 | D:6      | 5483 ||| IDENTIFYING blue potion
  5484 | D:6      | 5484 ||| DROPPING scroll of immolation.
  5510 | D:7      | Reached skill level 3 in Dodging
  5665 | D:7      | Found a burning altar of Makhleb.
  5676 | D:7      | Reached ** piety under Okawaru
  5838 | D:7      | 5838 ||| READING scroll of enchant weapon.
  5838 | D:7      | 5838 ||| ENCHANTING +3 orcbow of freezing.
  6210 | D:7      | Found a sparkling altar of Nemelex Xobeh.
  6212 | D:7      | Found an ornate altar of the Wu Jian Council.
  6214 | D:7      | Found a shimmering altar of Xom.
  6214 | D:7      | Found a shadowy altar of Dithmenos.
  6321 | D:8      | Found Qyxt's Book Shoppe.
  6429 | D:8      | Noticed Maggie
  6431 | D:8      | 6431 ||| INVOKING Heroism.
  6434 | D:8      | Killed Maggie
  6435 | D:8      | Reached skill level 11 in Ranged Weapons
  6491 | D:8      | 6491 ||| INVOKING Heroism.
  6519 | D:8      | Found Dael's General Store.
  6527 | D:8      | 6527 ||| SHOPLISTING +1 pair of boots of the Inviting Gods
                  | {-Cast +Inv rPois} (269 gold, have 34).
  6527 | D:8      | 6527 ||| SHOPLISTING +1 ring mail of cold resistance (208
                  | gold, have 34).
  6527 | D:8      | 6527 ||| SHOPLISTING potion of curing (39 gold, have 34).
  6537 | D:8      | Found Maih's Assorted Antiques.
  6539 | D:8      | Found Joxeku's Assorted Antiques.
  6542 | D:8      | 6542 ||| SHOPLISTING curved copper wand (124 gold, have
                  | 38).
  6542 | D:8      | 6542 ||| SHOPLISTING scroll of enchant armour (232 gold,
                  | have 38).
  6542 | D:8      | 6542 ||| SHOPLISTING scroll of identify (62 gold, have 38).
  6542 | D:8      | 6542 ||| SHOPLISTING scroll of teleportation (93 gold, have
                  | 38).
  6550 | D:8      | 6550 ||| SHOPLISTING scroll of identify (54 gold, have 38).
  6550 | D:8      | 6550 ||| SHOPLISTING sparkling platinum ring (135 gold,
                  | have 38).
  6718 | D:8      | Reached XP level 10. HP: 64/64 MP: 13/13
  6795 | D:8      | Noticed a two-headed ogre
  6796 | D:8      | 6796 ||| INVOKING Heroism.
  6800 | D:8      | 6800 ||| RETREATING.
  6806 | D:8      | Killed a two-headed ogre
  6864 | D:8      | 6864 ||| UPGRADING to +0 acid dragon scales.
  6874 | D:8      | 6874 ||| DROPPING +1 leather armour of poison resistance.
  6875 | D:8      | 6875 ||| READING scroll labelled YVOEBBAMAI.
  6876 | D:8      | 6876 ||| READING 4 scrolls of identify.
  6876 | D:8      | 6876 ||| IDENTIFYING glowing purple potion
  6877 | D:8      | 6877 ||| DROPPING potion of degeneration.
  6915 | D:9      | Reached skill level 3 in Armour
  6937 | D:9      | 6937 ||| INVOKING Heroism.
  6946 | D:9      | Reached skill level 12 in Ranged Weapons
  6959 | D:9      | 6959 ||| INVOKING Heroism.
  6989 | D:9      | Reached *** piety under Okawaru
  7019 | D:9      | 7019 ||| INVOKING Heroism.
  7141 | D:9      | Noticed a two-headed ogre
  7142 | D:9      | 7142 ||| INVOKING Heroism.
  7149 | D:9      | Killed a two-headed ogre
  7386 | D:9      | Found a sacrificial altar of Ru.
  7642 | D:9      | 7642 ||| UPGRADING to ring of protection from cold.
  7644 | D:9      | 7644 ||| READING scroll labelled YNLANOCK IMENU.
  7804 | D:10     | Entered Level 10 of the Dungeon
  7834 | D:10     | Noticed Harold
  7835 | D:10     | 7835 ||| RETREATING.
  7837 | D:10     | 7837 ||| Stepping ~*~*~tactically~*~*~ (retreating).
  7838 | D:10     | 7838 ||| INVOKING Heroism.
  7850 | D:10     | Killed Harold
  7850 | D:10     | Reached **** piety under Okawaru
  7851 | D:10     | Reached skill level 13 in Ranged Weapons
  7851 | D:10     | Reached XP level 11. HP: 52/68 MP: 12/14
  7867 | D:10     | Noticed Erolcha
  7868 | D:10     | 7868 ||| INVOKING Heroism.
  7870 | Abyss:1  | Cast into level 1 of the Abyss (Erolcha)
  7904 | Abyss:1  | Noticed a starcursed mass
  7905 | Abyss:1  | 7905 ||| RETREATING.
  7909 | Abyss:1  | 7909 ||| Stepping ~*~*~tactically~*~*~ (retreating).
  7913 | Abyss:1  | 7913 ||| Stepping ~*~*~tactically~*~*~ (retreating).
  7914 | Abyss:1  | 7914 ||| Stepping ~*~*~tactically~*~*~ (outnumbered).
  7916 | Abyss:1  | 7916 ||| INVOKING Heroism.
  7921 | Abyss:1  | HP: 14/69 [starcursed mass/accursed screaming (8)]
  7922 | Abyss:1  | 7922 ||| READING scroll of teleportation.
  7923 | Abyss:1  | 7923 ||| DRINKING 2 potions of heal wounds.
  7929 | Abyss:1  | 7929 ||| Stepping ~*~*~tactically~*~*~ (outnumbered).
  7931 | Abyss:1  | 7931 ||| RETREATING.
  7933 | Abyss:1  | 7933 ||| Stepping ~*~*~tactically~*~*~ (outnumbered).
  7978 | Abyss:1  | 7978 ||| INVOKING Heroism.
  7981 | Abyss:1  | Received a gift from Okawaru
  8008 | Abyss:1  | Noticed a wretched star
  8018 | Abyss:1  | 8018 ||| INVOKING Heroism.
  8026 | Abyss:1  | Killed a wretched star
  8027 | Abyss:1  | Reached skill level 9 in Fighting
  8029 | Abyss:1  | Noticed a worldbinder
  8031 | Abyss:1  | Noticed a merfolk aquamancer
  8031 | Abyss:1  | 8031 ||| RETREATING.
  8034 | Abyss:1  | Noticed a manticore
  8039 | Abyss:1  | Killed a worldbinder
  8095 | Abyss:1  | Noticed a rakshasa
  8097 | Abyss:1  | 8097 ||| Stepping ~*~*~tactically~*~*~ (retreating).
  8099 | Abyss:1  | 8099 ||| Stepping ~*~*~tactically~*~*~ (retreating).
  8100 | Abyss:1  | 8100 ||| Stepping ~*~*~tactically~*~*~ (retreating).
  8105 | Abyss:1  | 8105 ||| Stepping ~*~*~tactically~*~*~ (retreating).
  8105 | Abyss:1  | Noticed a tentacled starspawn
  8106 | Abyss:1  | 8106 ||| RETREATING.
  8107 | Abyss:1  | 8107 ||| Stepping ~*~*~tactically~*~*~ (retreating).
  8108 | Abyss:1  | 8108 ||| Stepping ~*~*~tactically~*~*~ (retreating).
  8110 | Abyss:1  | 8110 ||| Stepping ~*~*~tactically~*~*~ (retreating).
  8111 | Abyss:1  | 8111 ||| INVOKING Heroism.
  8119 | Abyss:1  | HP: 13/71 [tentacled starspawn (11)]
  8121 | Abyss:1  | HP: 3/71 [tentacled starspawn (12)]
  8124 | Abyss:1  | Killed a tentacled starspawn
  8124 | Abyss:1  | Killed from afar by a raiju

Levels and vault maps discovered:
D:1:      dpeg_arrival_three_same_balls, layout_rooms
D:2:      layout_basic, ebering_ecumenical_altar_hall, minmay_ruptured,
          uniq_jessica
D:3:      layout_loops_corners, good_gods_mini_temple, lemuel_crystal_altar,
          mainiacjoe_overflow_brackets, ashenzari_conservatory_becter,
          serial_shops, nicolae_shop_stone, uniq_terence
D:4:      layout_loops_ring, serial_aquarium, aquarium_bridge_straight
          [aquarium_subvault_bridge, aquarium_subvault_window,
          aquarium_subvault_bridge, aquarium_subvault_wall],
          aquarium_bridge_long_joined [aquarium_subvault_wall,
          aquarium_subvault_balcony, aquarium_subvault_bridge,
          aquarium_subvault_window, aquarium_subvault_bridge,
          aquarium_subvault_bridge], aquarium_window_3, aquarium_window_corner,
          aquarium_view_2b, aquarium_pool_corner,
          nicolae_ossuary_entry_monument, serial_shops, shop
D:5:      layout_layer_cave, mainiacjoe_overflow_paths,
          minmay_temple_entry_slanted
D:6:      layout_basic, serial_shops, shop, gammafunk_ghost_necromancy,
          roderic_serpentine_path, chequers_mini_garden, uniq_menkaure
D:7:      layout_gridville, bloody_makhleb, mainiacjoe_overflow_alcove_3
D:8:      layout_loops_ring, serial_shops, shop,
          nicolae_shop_tiny_real_fake_doors, shop, nicolae_book_shop_shelving,
          uniq_maggie
D:9:      layout_long_grid, nicolae_ru_sacrificial_ziggurat
D:10:     layout_roguey, mainiacjoe_overflow_cross_hatched, lair_entry_dummy,
          ebering_ghost_inner_flame, uniq_sonja, uniq_harold, uniq_erolcha
Abyss:1:  base: D:5, base: Temple, bh_abyss_exit_choice

Skill      XL: |  1  2  3  4  5  6  7  8  9 10 11 |
---------------+----------------------------------+-----
Ranged Weapons | 5 6 7 8 9 11 13 | 13.5
Fighting       | 3 4 6 8 9 |  9.1
Armour         | 1 2 4 |  4.0
Invocations    | 2 4 5 |  5.9
Dodging        | 2 3 4 |  4.1
Stealth        | |  1.1

Action                     |  1- 3 |  4- 6 |  7- 9 | 10-12 || total
---------------------------+-------+-------+-------+-------++-------
   Fire: Shortbow          |    60 |   203 |       |       ||   263
         Orcbow            |       |     9 |   323 |   234 ||   566
 Invoke: Heroism           |       |       |     8 |    11 ||    19
    Use: Scroll            |     1 |     7 |    14 |     4 ||    26
         Potion            |     1 |     2 |     6 |     1 ||    10
 Armour: Leather armour    |    18 |     9 |    21 |       ||    48
         Ring mail         |       |    12 |    28 |       ||    40
         Acid dragon scale |       |       |       |   118 ||   118
  Dodge: Dodged            |    17 |    36 |    67 |   194 ||   314

Table legend:
 A = Non-vault XP
 B = Vault XP
 C = Vault XP percentage of total XP
 D = Non-vault monster count
 E = Vault monster count
 F = Vault count percentage of total count
                 A         B        C        D         E       F
            +---------+---------+-------+---------+---------+-------
      Total |   12170 |    1645 |  11.9 |     188 |      23 |  10.9
            +---------+---------+-------+---------+---------+-------
        D:1 |      11 |       0 |   0.0 |       7 |       0 |   0.0
        D:2 |      56 |      41 |  42.3 |      18 |       3 |  14.3
        D:3 |     201 |      36 |  15.2 |      25 |       1 |   3.8
        D:4 |     507 |       0 |   0.0 |      34 |       0 |   0.0
        D:5 |     842 |       0 |   0.0 |      15 |       0 |   0.0
        D:6 |     968 |     175 |  15.3 |      15 |       1 |   6.2
        D:7 |     630 |       0 |   0.0 |      16 |       0 |   0.0
        D:8 |    1676 |     376 |  18.3 |      18 |       1 |   5.3
        D:9 |    2719 |       0 |   0.0 |      29 |       0 |   0.0
       D:10 |     819 |     863 |  51.3 |       4 |       1 |  20.0
    Abyss:1 |    3741 |       0 |   0.0 |       7 |       0 |   0.0
    Ossuary |       0 |     154 | 100.0 |       0 |      16 | 100.0
            +---------+---------+-------+---------+---------+-------
